kou-kou, lawful female human Archeologist --- ---- ---.--- -#..-- ---- -- --.....-- #....| #.>--.--- ---.......| #...#- #|.......--|.........| |..).##*#*#*###.......||..--.....| |.|..--- |...-- -------....-- |.|....| |...| |......| |@|.-#.--- ---..-# ---.....-| ..... |.).-- |....| |........| -.......-#..---.--.|------........| -#.......|......||.|........--.---- #...|...-#-....--|.|..---------- --..|.-## --..-- |.......-- ---|.- --.| |........--- |. ..-- ---........| |. -.- |........| --- -- ---......| --...--- |<.-- ---- kou-kou the Investigator Experience level: 7 Strength: 17 Dexterity: 10 Constitution: 16 Intelligence: 17 Wisdom: 18 Charisma: 12 Health: 38(45) Energy: 39(39) Def: 6 Gold: 1638 Moves: 8644 Dungeon seed: yy_XcQOJXJu0jdyX Game ID: kou-kou_1578998333 Your Inventory: Coins $ - 1638 gold pieces Weapons p - 6 cursed +0 darts t - a rusty +1 dwarvish mattock (weapon in hands) D - 7 blessed +1 darts X - 16 +0 darts (in quiver) Armor e - an uncursed +0 mummy wrapping (being worn) n - an uncursed +0 fedora r - an uncursed +0 pair of iron shoes (being worn) S - an uncursed +0 orcish helm (being worn) T - an uncursed +0 studded leather armor (being worn) Comestibles g - an uncursed slime mold C - 2 uncursed lizard corpses E - 2 uncursed food rations K - an uncursed pear V - an uncursed fortune cookie Scrolls i - an uncursed scroll of amnesia s - an uncursed scroll of teleportation F - an uncursed scroll of remove curse G - an uncursed scroll of fire Potions c - an uncursed potion of hallucination o - an uncursed potion of healing Rings h - an uncursed ring of warning (on left hand) x - an uncursed ring of teleport control B - an uncursed ring of slow digestion (on right hand) Wands R - a wand of slow monster (0:5) Tools k - an uncursed sack v - an uncursed wax candle (0:400) z - an uncursed stethoscope I - an uncursed leash (in use) J - an uncursed brass lantern (lit) (0:145) L - a blessed tallow candle (0:200) M - 15 uncursed tallow candles (0:200) O - an uncursed skeleton key P - an uncursed brass lantern (0:1107) Q - an uncursed towel W - 6 cursed wax candles (0:400) Gems q - an uncursed touchstone u - an uncursed citrine stone w - an uncursed worthless piece of violet glass y - an uncursed luckstone N - 2 uncursed worthless pieces of green glass U - an uncursed opal Y - an uncursed worthless piece of yellowish brown glass Z - an uncursed chrysoberyl stone Contents of the sack: a cursed potion of object detection Spells and supernatural/magical abilities: Name Level Category Fail Memory z - sleep 1 enchantment 44% 65% B - cure blindness 2 healing 87% 64% W - pray for help -- divine ? -- Your skills at the end: Fighting Skills Weapon Skills pick-axe [Skilled] whip [Basic] Spellcasting Skills Final Attributes: You were piously aligned. You were telepathic. You were warned. You were visible. You were stealthy. You had slower digestion. You were fast. You were lucky. You had extra luck. Bad luck did not time out for you. Good luck did not time out for you. You are dead. Vanquished creatures: a small mimic a gnome king 2 lizards a jaguar 2 gnome mummies a water nymph a mountain nymph a Mordor orc 5 Uruk-hai 2 rock piercers a yellow light a shrieker 10 gnome lords 5 gnomish wizards a kobold mummy a red naga hatchling 2 giant ants 2 little dogs 3 floating eyes 2 dwarves 3 homunculi 2 kobold lords 2 kobold shamans 2 rothes 2 rabid rats 2 giant bats a monkey 2 dwarf zombies a wererat a werejackal an iguana 2 acid blobs 2 coyotes a gas spore 2 manes 5 large kobolds 2 hobgoblins 5 giant rats 3 cave spiders 2 yellow molds a green mold 38 gnomes 7 garter snakes 3 gnome zombies 6 geckos 4 jackals 3 foxes 3 kobolds 3 goblins 2 sewer rats 5 grid bugs 3 bats 8 lichens 2 kobold zombies 7 newts 183 creatures vanquished. Voluntary challenges: You used a wielded weapon 199 times, starting on turn 20. You read items or engraved 20 times, starting on turn 1442. You never genocided any monsters. You never polymorphed an object. You never changed form. You used no wishes. You never split a pudding. You wrote Elbereth's name 9 times, starting on turn 1703. You never violated your personal moral code. Dungeon overview: The Dungeons of Doom: levels 1 to 4 Level 1 an altar to Quetzalcoatl, a fountain a long staircase Level 2 a delicatessen Level 3 a potion shop, a sink stairs to The Gnomish Mines Level 4 a general store, a fountain The Gnomish Mines: levels 4 to 7 Level 4 stairs to The Dungeons of Doom Level 5 Level 6 many shops, a temple to Huhetotl, some fountains Level 7 <- You were here History has recorded: On T:1 you entered the Dungeons of Doom to retrieve the Amulet of Yendor! On T:299 you advanced to experience level 2. On T:370 you reached level 2 of The Dungeons of Doom. On T:629 you advanced to experience level 3. On T:697 you reached level 3 of The Dungeons of Doom. On T:717 you reached level 4 of The Dungeons of Doom. On T:968 you reached level 1 of The Gnomish Mines. On T:1609 you advanced to experience level 4. On T:2608 you advanced to experience level 5. On T:3212 you advanced to experience level 6. On T:3283 you reached level 2 of The Gnomish Mines. On T:4423 you reached level 3 of The Gnomish Mines. On T:6085 you advanced to experience level 7. On T:8466 you reached level 4 of The Gnomish Mines. Score breakdown: Gold: 1638 (10934 points) Experience: 7 levels (13645 points) Exploration: 7 levels ( 14.58%) (10718 points) Discoveries: 30 items ( 10.07%) ( 9518 points) Valuables value: (no points given unless you survive) Artifact value: 0 ( 0 points) Variety of kills: 55 monsters ( 14.44%) (11398 points) Turncount: 8644 turns (-2163 points) Survival: died (score multiplied by 80%) Total score: 43240 Latest messages: You hit the rock with all your might. You stop digging. You continue digging. You make an opening in the wall. You displace your housecat. You start digging. You hit the rock with all your might. You make an opening in the wall. You displace your housecat. You see here 16 rocks. You kill the gnome! You see here a gnome corpse. You see here 11 rocks. The housecat eats a gnome corpse. You see here 11 rocks. Your lantern is getting dim. There are a few objects here. You fall into a pit! You land on a set of sharp iron spikes! The spikes were poisoned! The poison was deadly... Final status: Goodbye kou-kou the Archeologist, killed by a fall onto poison spikes... You were poisoned in The Gnomish Mines on dungeon level 7 with 43240 points, and 1638 pieces of gold, after 8644 moves. You were level 7 with a maximum of 45 hit points when you were poisoned.